 Dungeon Crawl Stone Soup version 0.31-a0-1074-g0b22e4e0f1 (webtiles) character file.

Game seed: 15880821716997842606

1033 Jeffwins the Changeling (level 8, -1/60 HPs)
             Began as a Merfolk Shapeshifter on Nov 26, 2023.
             Was an Initiate of Vehumet.
             Slain by a water moccasin (7 damage)
             ... on level 5 of the Dungeon.
             The game lasted 00:08:14 (4840 turns).

Jeffwins the Changeling (Merfolk Shapeshifter)      Turns: 4840, Time: 00:08:15

Health: -1/60      AC:  2    Str: 13 (14) XL:     8   Next: 24%
Magic:  9/9        EV: 14    Int:  9 (11) God:    Vehumet [......]
Gold:   263        SH:  0    Dex: 13 (14) Spells: 8/8 levels left

rFire   . .          .
                       - Unarmed
rCold   . . .        (shield currently unavailable)
rNeg    . . .        a - +0 animal skin
rPois   .            (no helmet)
rElec   .            (no cloak)
rCorr   .            (no gloves)
SInv    +            (no boots)
Will    .....        (no amulet)
Stlth   +            v - ring of see invisible
HPRegen 0.30/turn    (no ring)
MPRegen 0.11/turn

%: no passive effects
@: brilliant, flux-form, glowing
A: glow, contaminating, (nimble swimmer 2), mertail
a: Begin Untransformation, Renounce Religion


You were on level 5 of the Dungeon.
You worshipped Vehumet.
Vehumet was noncommittal.
You were something dangerously unstable.
You visited 2 branches of the dungeon, and saw 6 of its levels.

You collected 263 gold pieces.


Innate Abilities, Weirdness & Mutations

You are something dangerously unstable.
You glow with magical radiation, making you easy to see and hit.
Foes you strike become dangerously contaminated with magical radiation.
You are incapable of wielding weapons or throwing items.
((You are very nimble when in or above water. (Stealth+, EV+, Speed+++)))
Your lower body shifts to a powerful aquatic tail in water.


   Skills:
 + Level 3.8 Fighting
 + Level 5.3 Dodging
 + Level 3.7 Stealth
 * Level 6.3 Unarmed Combat
 + Level 0.8 Spellcasting
 * Level 7.1 Shapeshifting


You had 8 spell levels left.
You didn't know any spells.
Your spell library contained the following spells:

 Spells                   Type           Power      Damage    Failure   Level
 Magic Dart               Conj           0%         1d3       36%         1
 Call Imp                 Summ           0%         N/A       50%         2
 Mephitic Cloud           Conj/Pois/Air  0%         N/A       75%         3

Inventory:

Hand Weapons
 b - a +1 dagger of draining
Missiles
 i - 2 boomerangs
 q - 5 poisoned darts
Armour
 a - a +0 animal skin (worn)
Jewellery
 v - a ring of see invisible (left hand)
 F - a ring of fire
 Z - a ring of wizardry
Talismans
 c - a beast talisman
 d - a flux talisman (active)
 w - a talisman of death
Scrolls
 e - a scroll of immolation {unknown}
 f - 2 scrolls of poison {unknown}
 j - 3 scrolls of teleportation {unknown}
 k - a scroll of identify {@r1}
 m - a scroll of brand weapon
 s - a scroll of enchant armour
 t - a scroll of noise {!r}
Potions
 g - 3 potions of degeneration {!q}
 h - a potion of heal wounds {unknown}
 l - a potion of resistance {unknown}
 n - a potion of brilliance
 o - 2 potions of curing {@q1}
 p - a potion of enlightenment {unknown}

Dungeon Overview and Level Annotations

Branches:
Dungeon (5/15)             Temple (1/1) D:4

Altars:
Dithmenos
Elyvilon
Fedhas
Gozag
Hepliaklqana
Kikubaaqudgha
Makhleb
Nemelex Xobeh
Okawaru
Qazlal
Ru
Sif Muna
Uskayaw
Vehumet
Wu Jian
Xom
Yredelemnul
Zin
The Shining One

Shops:
D:4

(
#######################
#ooooSp...†............
#o#####################
#..## #...# #h..#
.#...#.# #
......h.......>#
###.#.o.#.###..#
#.......###..#


You could see a water moccasin, 2 orc priests and 3 orcs.


Message History

* * * LOW HITPOINT WARNING * * *
It was a potion of brilliance.
You feel clever all of a sudden.
* * * LOW HITPOINT WARNING * * *
You feel very sick. The water moccasin bites you.
* * * LOW HITPOINT WARNING * * *
Unknown command.
It was a potion of curing.
You feel better. The water moccasin misses you. The water moccasin bites you!
* * * LOW HITPOINT WARNING * * *
Unknown command.
Okay, then.
As you read the scroll labelled DEASTU VAOMM, it crumbles to dust.
It is a scroll of brand weapon.
Okay, then.
The water moccasin barely misses you.
An orc priest comes into view. It is wielding a +0 war axe.
As you read the scroll labelled IMIESI FEPRIEHA, it crumbles to dust.
It is a scroll of identify.
s - a scroll of enchant armour The water moccasin bites you!
* * * LOW HITPOINT WARNING * * *
The water moccasin completely misses you.
As you read the scroll labelled OVELEO PEZIUG, it crumbles to dust.
You hear a loud clanging noise!
It was a scroll of noise.
The orc priest shouts!
You hear a shout! x6
The water moccasin bites you!
You die...

Skill      XL: |  1  2  3  4  5  6  7  8 |
---------------+-------------------------+-----
Dodging        | 3 4 5 |  5.3
Stealth        | 1 2 3 |  3.7
Unarmed Combat | 4 5 6 |  6.3
Fighting       | 2 3 |  3.8
Shapeshifting  | 5 6 7 |  7.1
Spellcasting   | |  0.8

Action                     |  1- 3 |  4- 6 |  7- 9 || total
---------------------------+-------+-------+-------++-------
  Melee: Unarmed           |    76 |   197 |    94 ||   367
         Punch             |     2 |     6 |       ||     8
    Use: Potion            |     1 |     1 |     5 ||     7
         Scroll            |       |       |     3 ||     3
   Stab: Sleeping          |     3 |     5 |       ||     8
 Armour: Animal skin       |    38 |    94 |    49 ||   181
         Skin              |     1 |    27 |    27 ||    55
  Dodge: Dodged            |    49 |   121 |    47 ||   217
   Form: Flux              |       |       |     1 ||     1

Levels and vault maps discovered:
D:1:      mainiacjoe_arrival_reflecting_pool, layout_loops_ring,
          kennysheep_nondescript
D:2:      layout_loops_ring, minmay_tromino_v7
D:3:      layout_rooms, grunt_dithmenos_smoke,
          shapermc_ecumenical_altar_totnotflames
D:4:      layout_basic, xom_teletrap_fun, mainiacjoe_overflow_brackets,
          mainiacjoe_overflow_cross_hatched, kiku_gazebo_pond_becter,
          minmay_temple_entry_butterflies, serial_shops, shop,
          minmay_misc_feat_four_crosses
D:5:      layout_basic
Temple:   dpeg_chambers_temple

Notes
Turn   | Place    | Note
-------+----------+-------------------------------------------
     0 | D:1      | Jeffwins the Merfolk Shapeshifter began the quest for the
                  | Orb.
     0 | D:1      | Reached XP level 1. HP: 15/15 MP: 1/1
   183 | D:1      | Reached XP level 2. HP: 21/21 MP: 2/2
   407 | D:1      | Reached skill level 3 in Dodging
   576 | D:1      | Reached XP level 3. HP: 26/26 MP: 3/3
   955 | D:2      | Reached skill level 1 in Stealth
  1012 | D:2      | Reached skill level 4 in Unarmed Combat
  1012 | D:2      | Reached XP level 4. HP: 33/33 MP: 4/4
  1494 | D:2      | Reached skill level 2 in Fighting
  1974 | D:3      | Reached XP level 5. HP: 38/38 MP: 5/5
  2030 | D:3      | Found a shadowy altar of Dithmenos.
  2122 | D:3      | Reached skill level 5 in Shapeshifting
  2219 | D:3      | Found a faded altar of an unknown god.
  2562 | D:4      | Reached skill level 2 in Stealth
  2683 | D:4      | Reached skill level 4 in Dodging
  2683 | D:4      | Reached XP level 6. HP: 25/46 MP: 6/6
  2879 | D:4      | Found a shimmering altar of Xom.
  2883 | D:4      | Found Wiuhuj's Weapon Shop.
  2893 | D:4      | Reached skill level 5 in Unarmed Combat
  3021 | D:4      | Found an iron altar of Okawaru.
  3134 | D:4      | Found an ancient bone altar of Kikubaaqudgha.
  3184 | D:4      | Noticed an orc warrior
  3185 | D:4      | Noticed an ice beast
  3328 | D:4      | Found a basalt altar of Yredelemnul.
  3422 | D:4      | Reached skill level 3 in Fighting
  3422 | D:4      | Reached skill level 6 in Shapeshifting
  3422 | D:4      | Reached XP level 7. HP: 29/52 MP: 7/7
  3575 | D:4      | Found a staircase to the Ecumenical Temple.
  3625 | D:4      | Reached skill level 3 in Stealth
  3994 | Temple   | Entered the Ecumenical Temple
  4332 | D:5      | Entered Level 5 of the Dungeon
  4342 | D:4      | Reached skill level 5 in Dodging
  4342 | D:4      | Reached skill level 6 in Unarmed Combat
  4571 | Temple   | Became a worshipper of Vehumet
  4673 | D:5      | Reached XP level 8. HP: 47/60 MP: 8/8
  4817 | D:5      | Reached skill level 7 in Shapeshifting
  4839 | D:5      | HP: 5/60 [water moccasin (8)]
  4840 | D:5      | Slain by a water moccasin

Vanquished Creatures
  An ice beast (D:4)
  A black bear (D:5)
  2 orc warriors
  An ogre (D:4)
  3 scorpions (D:4)
  An orc priest (D:4)
  2 hounds (D:5)
  2 jellies
  A sleepcap (D:4)
  An iguana (D:4)
  10 adders
  A worm (D:4)
  3 dart slugs
  7 orcs
  9 bats
  8 endoplasms
  4 giant cockroaches
  6 goblins
  5 hobgoblins
  7 jackals (D:3)
  8 kobolds
  7 quokkas
  4 ball pythons
  7 frilled lizards
  6 rats
107 creatures vanquished.

Table legend: (Time is in decaauts)
 A = Elapsed time spent in this place.
 B = Non-inter-level travel time spent in this place.
 C = Inter-level travel time spent in this place.
 D = Time resting spent in this place.
 E = Time spent auto-exploring this place.
 F = Levels seen in this place.
 G = Mean time per level.
                   A        B        C        D        E       F      G
               +--------+--------+--------+--------+--------+-----+--------+
         Total |   4805 |   4506 |    299 |    812 |   2871 |   6 |  800.8 |
       Dungeon |   4748 |   4501 |    247 |    812 |   2871 |   5 |  949.6 |
        Temple |     57 |      5 |     52 |      0 |      0 |   1 |   57.0 |
               +--------+--------+--------+--------+--------+-----+--------+

Top non-repeatable levels by time:
     D:4: 2015 daAuts
     D:2: 986 daAuts
     D:1: 851 daAuts
     D:3: 680 daAuts
     D:5: 215 daAuts
  Temple: 57 daAuts

Table legend:
 A = Non-vault XP
 B = Vault XP
 C = Vault XP percentage of total XP
 D = Non-vault monster count
 E = Vault monster count
 F = Vault count percentage of total count
                 A         B        C        D         E       F
            +---------+---------+-------+---------+---------+-------
      Total |    1463 |      13 |   0.9 |     106 |       1 |   0.9
            +---------+---------+-------+---------+---------+-------
        D:1 |      35 |       0 |   0.0 |      20 |       0 |   0.0
        D:2 |     102 |      13 |  11.3 |      27 |       1 |   3.6
        D:3 |     101 |       0 |   0.0 |      27 |       0 |   0.0
        D:4 |     861 |       0 |   0.0 |      26 |       0 |   0.0
        D:5 |     364 |       0 |   0.0 |       6 |       0 |   0.0
            +---------+---------+-------+---------+---------+-------
